 Dungeon Crawl Stone Soup version 0.30-a0-358-g0d69a1922f (webtiles) character file.

Game seed: 11768106413891204086

92 Bnni the Shield-Bearer (level 4, -3/40 HPs)
             Began as a Hill Orc Fighter on Nov 9, 2022.
             Killed from afar by Natasha (7 damage)
             ... with a puff of flame
             ... on level 2 of the Dungeon.
             The game lasted 00:02:14 (1092 turns).

Bnni the Shield-Bearer (Hill Orc Fighter)           Turns: 1092, Time: 00:02:14

Health: -3/40      AC:  8    Str: 20    XL:     4   Next: 60%
Magic:  4/4        EV:  9    Int:  8    God:
Gold:   50         SH:  4    Dex: 10    Spells: 3/3 levels left

rFire   . . .      SeeInvis .    a - +0 trident
rCold   . . .      Faith    .    c - +0 buckler
rNeg    . . .      Spirit   .    b - +0 scale mail
rPois   .          Reflect  .    (no helmet)
rElec   .          Harm     .    (no cloak)
rCorr   .          Rampage  .    f - +0 pair of gloves
Will    .....                    (no boots)
Stlth   ..........               (no amulet)
HPRegen 0.26/turn                (no ring)
MPRegen 0.09/turn                (no ring)

@: no status effects
A: no striking features
a: no special abilities


You were on level 2 of the Dungeon.
You visited 1 branch of the dungeon, and saw 2 of its levels.

You collected 50 gold pieces.

Inventory:

Hand Weapons
 a - a +0 trident (weapon)
Missiles
 g - 4 atropa-tipped darts (quivered)
Armour
 b - a +0 scale mail (worn)
 c - a +0 buckler (worn)
 f - a +0 pair of gloves (worn)
Scrolls
 j - a scroll of identify {unknown}
 k - a scroll of magic mapping {unknown}
Potions
 d - a potion of might
 e - 2 potions of curing {unknown}
 h - a potion of attraction {unknown}
 i - a potion of heal wounds {unknown}


   Skills:
 + Level 4.2 Fighting
 * Level 3.6 Polearms
 - Level 3.2 Armour
 * Level 4.4 Shields


You had 3 spell levels left.
You didn't know any spells.
Your spell library was empty.

Dungeon Overview and Level Annotations

Branches:
Dungeon (2/15)

Altars:

Annotations:
D:2 Natasha


Message History

The giant cockroach is almost dead.
The giant cockroach bites you but does no damage.
You barely miss the giant cockroach.
The giant cockroach is almost dead.
The giant cockroach closely misses you.
The giant cockroach bites you but does no damage.
You hit the giant cockroach.
You kill the giant cockroach!
Natasha, Servant of Life and Death comes into view.
She is carrying a wand of flame (7).
Natasha zaps a wand.
You block the puff of flame.
Natasha stares at you and mumbles some strange words.
The magic dart hits you.
You see here the felid corpse of Natasha.
You puncture Natasha!
Natasha is severely wounded.
Natasha claws you.
You miss Natasha.
Natasha is severely wounded.
Natasha howls an incantation.
Natasha's front paws start to glow.
Natasha zaps a wand.
The puff of flame misses you. Natasha claws you but does no damage.
You closely miss Natasha.
Natasha is severely wounded.
Natasha casts a spell at you. You resist with some effort.
You hit Natasha but do no damage.
Natasha is severely wounded.
You block Natasha's attack.
You barely miss Natasha.
Natasha is severely wounded.
Natasha claws you.
You barely miss Natasha.
Natasha is severely wounded.
Natasha zaps a wand.
The puff of flame hits you!
* * * LOW HITPOINT WARNING * * *
You barely miss Natasha.
Natasha is severely wounded.
Natasha zaps a wand.
The puff of flame hits you!
You die...

#...†...# #.......#
#.......# #.......#
#.......# ###..####..
###...## ...
###.####...####..#...
......†....@h......
......††.........##
....##############
... #


You could see Natasha.

Vanquished Creatures
  Natasha (twice) (D:2)
  An adder (D:2)
  A worm (D:2)
  A dart slug (D:1)
  4 ball pythons
  8 bats
  5 endoplasms
  A giant cockroach (D:2)
  A goblin (D:1)
  2 kobolds (D:1)
  4 frilled lizards
  2 rats (D:1)
32 creatures vanquished.

Notes
Turn   | Place    | Note
-------+----------+-------------------------------------------
     0 | D:1      | Bnni the Hill Orc Fighter began the quest for the Orb.
     0 | D:1      | Reached XP level 1. HP: 19/19 MP: 1/1
   203 | D:1      | Reached XP level 2. HP: 27/27 MP: 2/2
   753 | D:1      | Reached XP level 3. HP: 33/33 MP: 3/3
   946 | D:2      | Noticed Natasha
   948 | D:2      | Found a faded altar of an unknown god.
   954 | D:2      | Killed Natasha
  1000 | D:2      | Reached XP level 4. HP: 40/40 MP: 4/4
  1042 | D:2      | Noticed Natasha
  1054 | D:2      | Killed Natasha
  1081 | D:2      | Noticed Natasha
  1092 | D:2      | Killed from afar by Natasha

Illustrated notes

Levels and vault maps discovered:
D:1:      erik_arrival_blinker_ship, layout_basic, bh_walls_and_bars
D:2:      layout_rooms, hellmonk_ecumenical_altar_pennies_from_heaven,
          uniq_natasha, uniq_crazy_yiuf_cottage

Skill      XL: |  1  2  3 |
---------------+----------+-----
Polearms       | 3 |  3.6
Fighting       | 4 |  4.2
Shields        | 4 |  4.4
Armour         | |  3.2

Action                   |  1- 3 |  4- 6 || total
-------------------------+-------+-------++-------
Melee: Trident           |    92 |    28 ||   120
Armor: Scale mail        |    43 |    16 ||    59
Dodge: Dodged            |    33 |    16 ||    49
Block: Buckler           |    20 |     7 ||    27

Table legend: (Time is in decaauts)
 A = Elapsed time spent in this place.
 B = Non-inter-level travel time spent in this place.
 C = Inter-level travel time spent in this place.
 D = Time resting spent in this place.
 E = Time spent auto-exploring this place.
 F = Levels seen in this place.
 G = Mean time per level.
                   A        B        C        D        E       F      G
               +--------+--------+--------+--------+--------+-----+--------+
         Total |   1132 |   1085 |     47 |      0 |    827 |   2 |  566.0 |
       Dungeon |   1132 |   1085 |     47 |      0 |    827 |   2 |  566.0 |
               +--------+--------+--------+--------+--------+-----+--------+

Top non-repeatable levels by time:
     D:1: 949 daAuts
     D:2: 183 daAuts
